SAA
MINNESOTA LOONS @ YAKIMA HOPS
07/14/2028
 
TOP OF THE 1ST
Minnesota Loons batting - Pitching for Yakima Hops : RHP Miguel Cabañas
Pitching: RHP Miguel Cabañas
Batting: RHB Jorge Echevarría 0-0: DOUBLE (Groundball, 5L)
Batting: SHB António Zúñiga 0-0: Ball
1-0: Ball
2-0: Ball
3-0: Base on Balls
Batting: RHB Isuru Tanaka 0-0: Called Strike
0-1: SINGLE (Line Drive, 6D)
Jorge Echevarría to third
António Zúñiga to second
Batting: LHB Juan Aranda 0-0: Ball
1-0: Fly out, F8 (Flyball, 89S)
Runner from 3rd tags up, SCORES, no throw
Batting: RHB Taylor Landis 0-0: Ball
1-0: Swinging Strike
1-1: Called Strike
1-2: Ball
2-2: Strikes out looking
Batting: RHB José Mercado 0-0: Called Strike
0-1: Foul Ball, location: 2F
0-2: Ball
1-2: Foul Ball, location: 2F
1-2: Foul Ball, location: 2F
1-2: Strikes out swinging
Top of the 1st over - 1 run(s), 2 hit(s), 0 error(s), 2 left on base; Minnesota 1 - Yakima 0
BOTTOM OF THE 1ST
Yakima Hops batting - Pitching for Minnesota Loons : RHP Jesús Hernández
Pitching: RHP Jesús Hernández
Batting: RHB Diego Rodríguez 0-0: Ball
1-0: Ball
2-0: Ball
3-0: Called Strike
3-1: Base on Balls
Batting: LHB Pedro Tapia 0-0: Ball
1-0: Fly out, F8 (Flyball, 8LS)
Batting: LHB Bob Maher 0-0: Ball
1-0: Ball
2-0: Fly out, F8 (Flyball, 78S)
Batting: RHB Colin O'Connell 0-0: Ball
1-0: Called Strike
Diego Rodríguez steals 2nd base
1-1: Ball
2-1: Foul Ball, location: 2F
2-2: Strikes out swinging
Bottom of the 1st over - 0 run(s), 0 hit(s), 0 error(s), 1 left on base; Minnesota 1 - Yakima 0
TOP OF THE 2ND
Minnesota Loons batting - Pitching for Yakima Hops : RHP Miguel Cabañas
Batting: RHB Jorge Arreola 0-0: Foul Ball, location: 2F
0-1: Ball
1-1: Fly out, F4 (Popup, 4D)
Batting: SHB Chavo Guerrero, Jr. 0-0: Ball
1-0: Called Strike
1-1: Swinging Strike
1-2: Fly out, F9 (Line Drive, 9LM)
Batting: RHB Joaquín Villarreal 0-0: SINGLE (Groundball, 34D)
Batting: RHB Jorge Echevarría 0-0: Ball
1-0: Fly out, F4 (Flyball, 3D)
Top of the 2nd over - 0 run(s), 1 hit(s), 0 error(s), 1 left on base; Minnesota 1 - Yakima 0
BOTTOM OF THE 2ND
Yakima Hops batting - Pitching for Minnesota Loons : RHP Jesús Hernández
Batting: RHB Xavier Gama 0-0: Ball
1-0: Ground out 6-3 (Groundball, 56)
Batting: SHB Marlon Webster 0-0: SOLO HOME RUN (Flyball, 78XD), Distance : 420 ft
Batting: SHB Adam Staats 0-0: Foul Ball, location: 2F
0-1: Swinging Strike
0-2: Reached on error, E4 (Groundball, 4)
Batting: RHB Luis Rodríguez 0-0: Called Strike
0-1: Ball
1-1: Ball
2-1: DOUBLE (Line Drive, 78D)
Adam Staats to third
Runner from 3rd tries for Home, throw and OUT!
Batting: RHB Jud Regan 0-0: Called Strike
0-1: Ball
Balk!
Luis Rodríguez to third
1-1: Foul Ball, location: 2F
1-2: Foul Ball, location: 2F
1-2: Ball
2-2: Strikes out swinging
Bottom of the 2nd over - 1 run(s), 2 hit(s), 1 error(s), 1 left on base; Minnesota 1 - Yakima 1
TOP OF THE 3RD
Minnesota Loons batting - Pitching for Yakima Hops : RHP Miguel Cabañas
Batting: SHB António Zúñiga 0-0: Called Strike
0-1: Called Strike
0-2: Strikes out swinging
Batting: RHB Isuru Tanaka 0-0: Ball
1-0: Ball
2-0: Called Strike
2-1: Ball
3-1: DOUBLE (Line Drive, 9LS)
Batting: LHB Juan Aranda 0-0: Ball
1-0: Ball
2-0: Foul Ball, location: 2F
2-1: Ground out 6-3 (Groundball, 6)
Batting: RHB Taylor Landis 0-0: Swinging Strike
0-1: Foul Ball, location: 2F
0-2: Ball
1-2: Ground out 4-3 (Groundball, 4)
Top of the 3rd over - 0 run(s), 1 hit(s), 0 error(s), 1 left on base; Minnesota 1 - Yakima 1
BOTTOM OF THE 3RD
Yakima Hops batting - Pitching for Minnesota Loons : RHP Jesús Hernández
Batting: RHB Diego Rodríguez 0-0: Ball
1-0: Called Strike
1-1: Ball
2-1: Called Strike
2-2: Fly out, F9 (Flyball, 9S)
Batting: LHB Pedro Tapia 0-0: Ball
1-0: Ball
2-0: Ball
3-0: Called Strike
3-1: Base on Balls
Batting: LHB Bob Maher 0-0: Called Strike
0-1: Ball
1-1: Ball
2-1: Reached via error on a dropped throw, E1
Pedro Tapia to second
Batting: RHB Colin O'Connell 0-0: Fly out, F7 (Flyball, 78M)
Batting: RHB Xavier Gama 0-0: Swinging Strike
0-1: Swinging Strike
0-2: Fly out, F9 (Flyball, 9LM)
Bottom of the 3rd over - 0 run(s), 0 hit(s), 1 error(s), 2 left on base; Minnesota 1 - Yakima 1
TOP OF THE 4TH
Minnesota Loons batting - Pitching for Yakima Hops : RHP Miguel Cabañas
Batting: RHB José Mercado 0-0: Called Strike
0-1: Ball
1-1: Reached on error, E9 (Flyball, 9S)
Batting: RHB Jorge Arreola 0-0: Ball
1-0: Ball
2-0: Fly out, F9 (Flyball, 9LSF)
Batting: SHB Chavo Guerrero, Jr. 0-0: Ball
1-0: Ball
2-0: Foul Ball, location: 2F
2-1: Foul Ball, location: 2F
2-2: Ball
3-2: TRIPLE (Flyball, 89D)
José Mercado scores
Batting: RHB Joaquín Villarreal 0-0: Ball
1-0: Called Strike
1-1: Ball
2-1: Fly out, F8 (Flyball, 8LM)
Runner from 3rd tags up, SCORES, no throw
Batting: RHB Jorge Echevarría 0-0: Ball
1-0: Ground out 5-3 (Groundball, 56)
Top of the 4th over - 2 run(s), 1 hit(s), 1 error(s), 0 left on base; Minnesota 3 - Yakima 1
BOTTOM OF THE 4TH
Yakima Hops batting - Pitching for Minnesota Loons : RHP Jesús Hernández
Batting: SHB Marlon Webster 0-0: Swinging Strike
0-1: Foul Ball, location: 2F
0-2: Foul Ball, location: 2F
0-2: Foul Ball, location: 2F
0-2: Ball
1-2: Strikes out swinging
Batting: SHB Adam Staats 0-0: Ball
1-0: Ball
2-0: Called Strike
2-1: Ground out 6-3 (Groundball, 6M)
Batting: RHB Luis Rodríguez 0-0: Called Strike
0-1: Ground out 4-3 (Groundball, 34)
Bottom of the 4th over - 0 run(s), 0 hit(s), 0 error(s), 0 left on base; Minnesota 3 - Yakima 1
TOP OF THE 5TH
Minnesota Loons batting - Pitching for Yakima Hops : RHP Miguel Cabañas
Batting: SHB António Zúñiga 0-0: Ball
1-0: Ball
2-0: Ball
3-0: Called Strike
3-1: Base on Balls
Batting: RHB Isuru Tanaka 0-0: Ball
1-0: Called Strike
1-1: Grounds into double play, 6-4-3 (Groundball, 6)
Batting: LHB Juan Aranda 0-0: Called Strike
0-1: Ball
1-1: Ball
2-1: Called Strike
2-2: Foul Ball, location: 2F
2-2: Foul Ball, location: 2F
2-2: Foul Ball, location: 2F
2-2: Ball
3-2: Fly out, F9 (Flyball, 89M)
Top of the 5th over - 0 run(s), 0 hit(s), 0 error(s), 0 left on base; Minnesota 3 - Yakima 1
BOTTOM OF THE 5TH
Yakima Hops batting - Pitching for Minnesota Loons : RHP Jesús Hernández
Batting: RHB Jud Regan 0-0: Ball
1-0: Ball
2-0: Ball
3-0: Called Strike
3-1: Base on Balls
Batting: RHB Diego Rodríguez 0-0: Bunted foul
0-1: Ball
1-1: Ball
2-1: Ball
3-1: Sac Bunt - play at first, batter OUT! 5-4
Jud Regan to second
Batting: LHB Pedro Tapia 0-0: Swinging Strike
0-1: Ground out 6-3 (Groundball, 6M)
Jud Regan to third
Batting: LHB Bob Maher 0-0: Ball
1-0: Called Strike
1-1: Ground out 1-3 (Groundball, 13S)
Bottom of the 5th over - 0 run(s), 0 hit(s), 0 error(s), 1 left on base; Minnesota 3 - Yakima 1
TOP OF THE 6TH
Minnesota Loons batting - Pitching for Yakima Hops : RHP Miguel Cabañas
Batting: RHB Taylor Landis 0-0: Ball
1-0: Ball
2-0: Ball
3-0: Called Strike
3-1: Foul Ball, location: 2F
3-2: Base on Balls
Batting: RHB José Mercado 0-0: Ball
1-0: Bunted foul
1-1: Bunt missed!
1-2: Grounds into double play, 3-6-3 (Groundball, 34)
Batting: RHB Jorge Arreola 0-0: Fly out, F7 (Flyball, 7)
Top of the 6th over - 0 run(s), 0 hit(s), 0 error(s), 0 left on base; Minnesota 3 - Yakima 1
BOTTOM OF THE 6TH
Yakima Hops batting - Pitching for Minnesota Loons : RHP Jesús Hernández
Batting: RHB Colin O'Connell 0-0: Swinging Strike
0-1: Swinging Strike
0-2: Strikes out swinging
Batting: RHB Xavier Gama 0-0: SINGLE (Groundball, 6MD)
Batting: SHB Marlon Webster 0-0: Called Strike
0-1: SINGLE (Flyball, 89S)
Xavier Gama to second
Runner from 2nd tries for 3rd, SAFE, no throw
Batting: SHB Adam Staats 0-0: Fielders Choice at 2nd, 1-6 (Groundball, 13)
Batting: RHB Luis Rodríguez 0-0: Ball
1-0: Ball
2-0: Ball
Wild Pitch!
Xavier Gama scores
Adam Staats to second
3-0: Base on Balls
Batting: RHB Jud Regan 0-0: Called Strike
0-1: Ball
1-1: Swinging Strike
1-2: Ball
2-2: Foul Ball, location: 2F
2-2: Ball
3-2: Strikes out swinging
Bottom of the 6th over - 1 run(s), 2 hit(s), 0 error(s), 2 left on base; Minnesota 3 - Yakima 2
TOP OF THE 7TH
Minnesota Loons batting - Pitching for Yakima Hops : RHP Miguel Cabañas
Pitching: RHP Rodrigo Sandoval
Batting: SHB Chavo Guerrero, Jr. 0-0: Ball
1-0: Called Strike
1-1: Ball
2-1: Ball
3-1: Reached on error, E3 (Groundball, 34)
Batting: RHB Joaquín Villarreal 0-0: Ball
1-0: Bunted foul
1-1: Sac Bunt - play at first, batter OUT! 5-4
Chavo Guerrero, Jr. to second
Pinch Hitting: LHB Alfredo Arévalo 0-0: Ball
1-0: Ground out U3 (Groundball, 34)
Chavo Guerrero, Jr. to third
Batting: SHB António Zúñiga 0-0: Ball
1-0: Fly out, F3 (Line Drive, 3S)
Top of the 7th over - 0 run(s), 0 hit(s), 1 error(s), 1 left on base; Minnesota 3 - Yakima 2
BOTTOM OF THE 7TH
Yakima Hops batting - Pitching for Minnesota Loons : RHP Jesús Hernández
Now in CF: Alfredo Arévalo
Batting: RHB Diego Rodríguez 0-0: Ball
1-0: Called Strike
1-1: Called Strike
1-2: Ball
2-2: Ball
3-2: Foul Ball, location: 2F
3-2: SINGLE (Line Drive, 89S)
Pitching: LHP Homer Robertson
Batting: LHB Pedro Tapia 0-0: Called Strike
0-1: Ball
1-1: Fly out, F8 (Flyball, 8LM)
Pinch Hitting: RHB Thom Reppond 0-0: Called Strike
Diego Rodríguez is caught stealing 2nd base
0-1: Ball
1-1: Ball
2-1: Foul Ball, location: 2F
2-2: Ball
3-2: Foul Ball, location: 2F
3-2: Base on Balls
Batting: RHB Colin O'Connell 0-0: Fly out, F7 (Line Drive, 78M)
Bottom of the 7th over - 0 run(s), 1 hit(s), 0 error(s), 1 left on base; Minnesota 3 - Yakima 2
TOP OF THE 8TH
Minnesota Loons batting - Pitching for Yakima Hops : RHP Rodrigo Sandoval
Now at 1B: Mario Salazar
Batting: RHB Isuru Tanaka 0-0: Ball
1-0: Ball
2-0: Fly out, F7 (Flyball, 7)
Batting: LHB Juan Aranda 0-0: Called Strike
0-1: Fly out, F8 (Flyball, 8RD)
Batting: RHB Taylor Landis 0-0: Fly out, F4 (Line Drive, 4)
Top of the 8th over - 0 run(s), 0 hit(s), 0 error(s), 0 left on base; Minnesota 3 - Yakima 2
BOTTOM OF THE 8TH
Yakima Hops batting - Pitching for Minnesota Loons : LHP Homer Robertson
Pitching: RHP Oriol Razo
Batting: RHB Xavier Gama 0-0: Ball
1-0: Ground out U3 (Groundball, 34)
Batting: SHB Marlon Webster 0-0: Called Strike
0-1: Called Strike
0-2: Strikes out looking
Batting: SHB Adam Staats 0-0: Ball
1-0: Foul Ball, location: 2F
1-1: Called Strike
1-2: Foul Ball, location: 2F
1-2: Strikes out looking
Bottom of the 8th over - 0 run(s), 0 hit(s), 0 error(s), 0 left on base; Minnesota 3 - Yakima 2
TOP OF THE 9TH
Minnesota Loons batting - Pitching for Yakima Hops : RHP Rodrigo Sandoval
Pitching: RHP Chris Lynskey
Batting: RHB José Mercado 0-0: Ball
1-0: Swinging Strike
1-1: Fly out, F8 (Flyball, 8RD)
Batting: RHB Jorge Arreola 0-0: Ground out 6-3 (Groundball, 6)
Batting: SHB Chavo Guerrero, Jr. 0-0: Ground out U3 (Groundball, 34)
Top of the 9th over - 0 run(s), 0 hit(s), 0 error(s), 0 left on base; Minnesota 3 - Yakima 2
BOTTOM OF THE 9TH
Yakima Hops batting - Pitching for Minnesota Loons : RHP Oriol Razo
Pitching: LHP Luis Domínguez
Batting: RHB Luis Rodríguez 0-0: Ball
1-0: Swinging Strike
1-1: Ball
2-1: Ball
3-1: Base on Balls
Batting: RHB Jud Regan 0-0: Called Strike
0-1: Swinging Strike
0-2: Ball
1-2: SINGLE (Flyball, 8RS)
Luis Rodríguez to second
Batting: RHB Diego Rodríguez 0-0: Called Strike
0-1: Ball
1-1: Bunted foul
1-2: Ball
2-2: Reached on error, E3 (Groundball, 34)
Luis Rodríguez to third
Jud Regan to second
Batting: LHB Pedro Tapia 0-0: SINGLE (Groundball, 6D)
Luis Rodríguez scores
Jud Regan to third
Diego Rodríguez to second
Runner from 3rd tries for Home, SAFE, no throw
Tuesday, August 15th, 2017 - OOTP Baseball 17.12 Build 75